 Dungeon Crawl Stone Soup version 0.32-a0-560-g4c7f4391e0 (webtiles) character file.

Game seed: 3520444037732227385

6 lumxnescent the Shield-Bearer (level 1, 19/19 HPs)
             Began as a Mountain Dwarf Fighter on Feb 29, 2024.
             Quit the game on level 1 of the Dungeon.
             The game lasted 00:01:33 (253 turns).

lumxnescent the Shield-Bearer (MDFi)                 Turns: 253, Time: 00:01:33

Health: 19/19      AC:  6    Str: 18    XL:     1   Next: 75%
Magic:  1/1        EV:  9    Int:  8    God:
Gold:   0          SH:  4    Dex:  9    Spells: 0/0 levels left

rFire   . . .        a - +0 rapier
rCold   . . .        c - +0 buckler
rNeg    . . .        b - +0 scale mail
rPois   .            (no helmet)
rElec   .            (no cloak)
rCorr   .            (no gloves)
SInv    .            (no boots)
Will    .....        (no amulet) Stlth
                     (no ring)
HPRegen 0.23/turn    (no ring)
MPRegen 0.07/turn

%: no passive effects
@: mighty
A: runic magic, artefact enchanting
a: no special abilities


You were on level 1 of the Dungeon.
You visited 1 branch of the dungeon, and saw 2 of its levels.


Innate Abilities, Weirdness & Mutations

Your spellcasting is much less encumbered by armour.
You can use scrolls of enchantment on lesser artefacts.


   Skills:
 + Level 3.4 Fighting
 + Level 1.7 Short Blades
 + Level 3.4 Armour
 + Level 3.4 Shields


You couldn't memorise any spells.
You didn't know any spells.
Your spell library was empty.

Inventory:

Hand Weapons
 a - a +0 rapier (weapon)
Armour
 b - a +0 scale mail (worn)
 c - a +0 buckler (worn)
Scrolls
 e - a scroll of butterflies {unknown}
Potions
 f - a potion of lignification {unknown}

Dungeon Overview and Level Annotations

Branches:
Dungeon (2/15) Zot: 11742

Altars:

##..⌠...⌠.#.........####
#.........#.........#
#.##.#..#######.....#
.................÷.÷.#
#################...>.#
.... ...#.....#
#####..##.##.#.###
........#.##[#.#
###...@...#.#.######
#......#..#.#......#
#......†..#.#......#
#.$................#
#..######.#...........
#.. #.#......##### #.
..######## # .### #.


There were no monsters in sight!


Message History

😕 HP[+1]
You barely miss the jackal. The jackal bites you.
The jackal bites you but does no damage. 😮 HP[-1]
You take 1 damage, and now have 14/19 hp.
You hit the jackal.
You kill the jackal!
You see here a jackal corpse.
e - a scroll labelled OSYACORUUF 😕 HP[+1]
You see here a jackal corpse. 😕 HP[+1]
There is a stone staircase leading down here.
You climb downwards.
The hobgoblin shouts!
There is a stone staircase leading up here. 😕 HP[+1]
You climb upwards.
There is a stone staircase leading down here. 😕 HP[+1] No target in view!
A kobold comes into view. It is wielding a +0 short sword.
The kobold shouts! 😎 feelin horny HP[+1]
Your hp is fully restored (19).
You can't go down here!
A kobold is nearby!
The kobold throws a stone.
The stone hits you.
A kobold is nearby! 😕 HP[-2]
You take 2 damage, and now have 17/19 hp.
A kobold is nearby!
You hit the kobold. The kobold hits you but does no damage.
A kobold is nearby!
You hit the kobold. You block the kobold's attack.
The kobold closely misses you.
A kobold is nearby! 😕 HP[+1]
You closely miss the kobold. The kobold hits you but does no damage.
A kobold is nearby!
You hit the kobold.
You kill the kobold!
Things that are here:
a +0 short sword; a stone A hobgoblin comes into view. 😎 feelin horny HP[+1]
Your hp is fully restored (19).
A hobgoblin is nearby!
A hobgoblin is nearby!
The hobgoblin hits you but does no damage.
A hobgoblin is nearby!
You hit the hobgoblin but do no damage.
The hobgoblin hits you but does no damage.
Unknown command.
You barely miss the hobgoblin. You block the hobgoblin's attack.
The hobgoblin misses you.
Unknown command.
You hit the hobgoblin. You block the hobgoblin's attack.
Unknown command.
You hit the hobgoblin.
You kill the hobgoblin!
Unknown command.
No target in view!
Unknown command.
No target in view!
Unknown command.
No target in view!
Unknown command.
No target in view!
Unknown command.
No target in view!
You see here a hobgoblin corpse.
You open the door.
You see here a hobgoblin corpse.
Things that are here:
a +0 short sword; a stone A bat comes into view.
The bat hits you but does no damage.
You hit the bat.
You kill the bat!
You see here a bat corpse.
Okay, then.
f - a yellow potion Adjust to which letter? (? for menu, Esc to quit)
q - a potion of might {!q}
Okay, then.
Really quaff
q - a potion of might {!q}?
Okay, then.
Unknown command.
Really quaff
q - a potion of might {!q}?
Uppercase [Y]es or [N]o only, please.
Really quaff
q - a potion of might {!q}?
Okay, then.
Really quaff
q - a potion of might {!q}?
You feel very mighty all of a sudden.
Are you sure you want to abandon this character and quit the game? (Confirm with "yes".)

Action                     || total
---------------------------++-------
  Melee: Rapier            ||    21
    Use: Potion            ||     1
 Armour: Scale mail        ||    18
  Dodge: Dodged            ||    12
  Block: Buckler           ||     5

Levels and vault maps discovered:
D:1:      scummos_arrival_simple_fountains, layout_basic
D:2:      layout_loops_corners, basic_altar,
          shapermc_ecumenical_altar_mp_highgroup,
          amcnicky_mini_rare_corridor_liquid, chequers_serial_rivers_marsh

Notes
Turn   | Place    | Note
-------+----------+-------------------------------------------
     0 | D:1      | lumxnescent the Mountain Dwarf Fighter began the quest for
                  | the Orb.
     0 | D:1      | Reached XP level 1. HP: 19/19 MP: 1/1
     0 | D:1      | magus.rc [v1.11.6]
   253 | D:1      | Quit the game

Vanquished Creatures
  A hobgoblin (D:1)
  2 jackals (D:1)
  A kobold (D:1)
  A bat (D:1)
5 creatures vanquished.

Table legend:
 A = Non-vault XP
 B = Vault XP
 C = Vault XP percentage of total XP
 D = Non-vault monster count
 E = Vault monster count
 F = Vault count percentage of total count
                 A         B        C        D         E       F
            +---------+---------+-------+---------+---------+-------
      Total |       9 |       0 |   0.0 |       5 |       0 |   0.0
            +---------+---------+-------+---------+---------+-------
        D:1 |       9 |       0 |   0.0 |       5 |       0 |   0.0
            +---------+---------+-------+---------+---------+-------

Action                     || total
---------------------------++-------
  Melee: Rapier            ||    21
    Use: Potion            ||     1
 Armour: Scale mail        ||    18
  Dodge: Dodged            ||    12
  Block: Buckler           ||     5

Illustrated notes

Table legend:
 A = Kills in this place as a percentage of kills in the entire game.
 B = Kills by you in this place as a percentage of kills by you in the entire game.
 C = Kills by friends in this place as a percentage of kills by friends in the entire game.
 D = Other kills in this place as a percentage of other kills in the entire game.
 E = Experience gained in this place as a percentage of experience gained in the entire game.
 F = Experience gained in this place divided by the number of levels of this place that you have seen.
                   A       B       C       D       E      F
               +-------+-------+-------+-------+-------+----------------------
         Total | 100.0 | 100.0 |   N/A |   N/A | 100.0 |   4.5
       Dungeon | 100.0 | 100.0 |   N/A |   N/A | 100.0 |   4.5
               +-------+-------+-------+-------+-------+----------------------

Table legend: (Time is in decaauts)
 A = Elapsed time spent in this place.
 B = Non-inter-level travel time spent in this place.
 C = Inter-level travel time spent in this place.
 D = Time resting spent in this place.
 E = Time spent auto-exploring this place.
 F = Levels seen in this place.
 G = Mean time per level.
                   A        B        C        D        E       F      G
               +--------+--------+--------+--------+--------+-----+--------+
         Total |    257 |    252 |      5 |      0 |    177 |   2 |  128.5 |
       Dungeon |    257 |    252 |      5 |      0 |    177 |   2 |  128.5 |
               +--------+--------+--------+--------+--------+-----+--------+

Top non-repeatable levels by time:
     D:1: 255 daAuts
     D:2: 1 daAuts
